 Dungeon Crawl Stone Soup version 0.29.1-1-gd02db6906a (webtiles) character file.

Game seed: 182890638062462354

33 GigaChad the Trooper (level 3, 0/33 HPs)
             Began as a Minotaur Fighter on Oct 7, 2022.
             Slain by Natasha (5 damage)
             ... on level 2 of the Dungeon.
             The game lasted 00:02:02 (1392 turns).

GigaChad the Trooper (Minotaur Fighter)             Turns: 1392, Time: 00:02:04

Health: 0/33       AC:  0    Str: 22    XL:     3   Next: 12%
Magic:  2/2        EV: 17    Int:  5    God:
Gold:   83         SH:  0    Dex: 14    Spells: 2/2 levels left

rFire   . . .      SeeInvis .   (weapon currently unavailable)
rCold   . . .      Faith    .   (shield currently unavailable)
rNeg    . . .      Spirit   .   (body armour currently unavailable)
rPois   .          Reflect  .   (helmet currently unavailable)
rElec   .          Harm     .   (cloak currently unavailable)
rCorr   .          Rampage  .   (gloves currently unavailable)
Will    .....                   (boots currently unavailable)
Stlth   +.........              (no amulet)
HPRegen 0.11/turn               (ring currently unavailable)
MPRegen 0.08/turn               (ring currently unavailable)

@: bat-form, flying, very quick
A: fast, flying, no casting, tiny, (horns 2), (retaliatory headbutt)
a: no special abilities


You were on level 2 of the Dungeon.
You were a bat.
You visited 1 branch of the dungeon, and saw 2 of its levels.

You collected 83 gold pieces.

Inventory:

Hand Weapons
 a - a +0 long sword (melded)
Armour
 b - a +0 scale mail (melded)
 c - a +0 buckler (melded)
Wands
 j - a wand of mindburst (10) (quivered)
Scrolls
 e - a scroll of butterflies {unknown}
Potions
 d - 2 potions of might
 f - a potion of curing {unknown}
 g - a potion of mutation {unknown}
 h - a potion of berserk rage {unknown}
 i - a potion of attraction {unknown}


   Skills:
 + Level 4.2 Fighting
 + Level 2.8 Long Blades
 + Level 4.1 Armour
 + Level 4.0 Shields


You had 2 spell levels left.
You didn't know any spells.
Your spell library contained the following spells:

 Spells                   Type           Power      Damage    Failure   Level
 Poisonous Vapours        Pois/Air       0%         N/A       63%         2
 Corpse Rot               Necr/Pois/Air  0%         N/A       99%         4


Dungeon Overview and Level Annotations

Branches:
Dungeon (2/15)

Altars:

Shops:
D:1 :

Annotations:
D:2 Natasha


Innate Abilities, Weirdness & Mutations

You are a bat.
You are tiny and dextrous.
You move quickly.
You are flying.
Your equipment is almost entirely melded.
You are incapable of wielding weapons or throwing items.
You cannot cast spells.
((You have a pair of horns on your head.))
((You reflexively headbutt those who attack you in melee.))


Message History

Natasha is lightly wounded.
Natasha closely misses you.
You hit Natasha but do no damage.
Natasha is lightly wounded.
Natasha completely misses you.
You hit Natasha but do no damage.
Natasha is lightly wounded.
Natasha claws you.
You hit Natasha but do no damage.
Natasha is lightly wounded.
Natasha misses you.
A kobold comes into view. It is wielding a +0 dagger.
The kobold shouts!
You hit Natasha.
Natasha is lightly wounded.
Natasha closely misses you.
You closely miss Natasha.
Natasha is lightly wounded.
Natasha completely misses you.
The kobold drinks a potion.
The kobold seems to speed up.
You hit Natasha but do no damage.
Natasha is lightly wounded.
Natasha claws you.
You hit Natasha but do no damage.
Natasha is lightly wounded.
Natasha claws you!
You hit Natasha.
Natasha is moderately wounded.
Natasha stares at you and mumbles some strange words.
The magic dart hits you!
* * * LOW HITPOINT WARNING * * *
You hit Natasha but do no damage.
Natasha is moderately wounded.
Natasha claws you.
* * * LOW HITPOINT WARNING * * *
The kobold misses you.
You hit Natasha.
Natasha is moderately wounded.
The kobold closely misses you. Natasha claws you.
You die...

# ### # ##.##
#
##.#.########
#
#.###.......#
#
##.#.######.#
# ##.## #†# #
#.# #b# # #.#
#Kh.......
..##### #.##
...........
....... #..#
###..##.....
#.##.## ##.#
#..# #...#
#.##.# #.#
#... ..##
#.##># #.#
#..# .#
#.##.## #.#
#..# #
#.##... #.#
#.##.##


You could see Natasha and a kobold (fast).

Vanquished Creatures
  2 ball pythons (D:2)
  5 endoplasms
  4 giant cockroaches
  3 goblins
  2 hobgoblins (D:1)
  2 quokkas (D:1)
  2 frilled lizards (D:2)
  3 kobolds
  5 rats
28 creatures vanquished.

Notes
Turn   | Place    | Note
-------+----------+-------------------------------------------
     0 | D:1      | GigaChad the Minotaur Fighter began the quest for the Orb.
     0 | D:1      | Reached XP level 1. HP: 19/19 MP: 0/0
   284 | D:1      | Reached XP level 2. HP: 27/27 MP: 1/1
   570 | D:1      | Found Zerphaot's Book Shoppe.
  1057 | D:2      | Reached XP level 3. HP: 30/33 MP: 2/2
  1376 | D:2      | Noticed Natasha
  1392 | D:2      | Slain by Natasha

Illustrated notes

Levels and vault maps discovered:
D:1:      wander_arrival_desolate, layout_rooms, serial_shops,
          nicolae_shop_stone
D:2:      layout_loops_ring, uniq_natasha

Skill      XL: |  1  2 |
---------------+-------+-----
Fighting       | 4 |  4.2
Shields        | 4 |  4.0
Armour         | 4 |  4.1
Long Blades    | |  2.8

Action                   || total
-------------------------++-------
Melee: Long sword        ||    48
       Headbutt          ||     9
       Unarmed           ||    12
Evoke: Wand              ||     1
Armor: Scale mail        ||    23
Dodge: Dodged            ||    43
Block: Buckler           ||    15
